AoeStats
← A snickers7606

Fortress

509729121Analyzed
4v4 RM · 4d ago on Sep 27, 2026· 79m 55s· 8 players
Game mode
Random Map
Map size
Huge
Population
200
Speed
Normal
Resources
Standard
Victory
Conquest
Starting age
Dark Age
Ending age
Imperial Age
RankedLock teamsTeams togetherTeam positionsShared explorationLock speedFull tech treeHidden civsTurbo modeCheats
Victory
Defeat
🇺🇸 Turks · United States
528
+9
🇵🇪 Bohemians · Peru
459
+12
🇵🇹 Portuguese · Portugal
438
+13
🇲🇽 Japanese · Mexico
321
+17
🇺🇸 Khmer · United States
400
-14
🇬🇧 Britons · United Kingdom
361
-13
🇬🇧 Spanish · United Kingdom
355
-12
🇹🇷 Poles · Türkiye
337
-12
A snickers7606
8:08 Feudal Age
9:32 Wheelbarrow
8:57 Double-Bit Axe
10:00 Horse Collar
19:33 Castle Age
18:05 Gold Mining
22:02 Fletching
22:12 Padded Archer Armor
26:58 Imperial Age
27:38 Elite Longbowman
28:21 Bodkin Arrow
28:41 Leather Archer Armor
31:07 Bow Saw
31:10 Heavy Plow
32:24 Stone Mining
33:10 Gold Shaft Mining
33:09 Hand Cart
37:18 Treadmill Crane
38:02 Fortified Wall
38:23 Bracer
38:54 Ring Archer Armor
40:06 Yeomen
42:24 Chemistry
41:28 Warwolf
Footy_king11
11:39 Feudal Age
12:05 Double-Bit Axe
12:04 Horse Collar
12:20 Stone Mining
12:21 Gold Mining
15:47 Arson
19:24 Castle Age
18:56 Scale Barding Armor
19:01 Forging
19:00 Scale Barding Armor
18:46 Fletching
18:56 Padded Archer Armor
21:31 Bow Saw
30:46 Imperial Age
30:27 Heavy Plow
33:54 Coinage
33:29 Bodkin Arrow
33:50 Leather Archer Armor
36:03 Two-Man Saw
39:13 Elite Conquistador
40:16 Masonry
40:17 Fortified Wall
40:15 Pikeman
41:00 Squires
40:52 Gambesons
40:55 Halberdier
43:50 Bracer
Ambwind
1:08 Loom
6:21 Feudal Age
7:44 Wheelbarrow
12:52 Double-Bit Axe
16:54 Horse Collar
21:33 Castle Age
19:27 Fletching
19:37 Padded Archer Armor
19:52 Gold Mining
22:26 Pikeman
22:52 Arson
23:20 Forging
23:11 Scale Mail Armor
25:10 Hand Cart
28:54 Leather Archer Armor
28:34 Bodkin Arrow
30:11 Iron Casting
29:52 Chain Mail Armor
34:14 Imperial Age
33:22 Ballistics
33:25 Fortified Wall
35:56 Chemistry
35:42 Ring Archer Armor
35:13 Bracer
36:30 Town Watch
38:09 Double Crossbow
38:31 Conscription
39:54 Elite Ballista Elephant
aydinturkmen46
1:23 Loom
10:59 Feudal Age
12:16 Wheelbarrow
11:29 Double-Bit Axe
11:27 Horse Collar
11:41 Stone Mining
18:30 Castle Age
19:45 Gold Mining
21:53 Heavy Plow
22:07 Bow Saw
22:37 Stone Shaft Mining
23:51 Hand Cart
26:51 Fervor
27:49 Treadmill Crane
28:21 Fortified Wall
28:22 Masonry
28:04 Guard Tower
28:45 Husbandry
28:56 Bloodlines
28:06 Light Cavalry
28:13 Pikeman
28:53 Squires
28:39 Arson
36:00 Szlachta Privileges
38:35 Imperial Age
36:41 Caravan
38:54 Scale Barding Armor
38:49 Scale Mail Armor
39:00 Forging
38:41 Fletching
38:51 Padded Archer Armor
41:04 Chain Mail Armor
41:10 Chain Barding Armor
41:33 Keep
40:44 Arrowslits
42:00 Chemistry
41:20 Ballistics
40:57 Murder Holes
41:30 Conscription
43:15 Hoardings
42:13 Sappers
44:57 Cavalier
45:53 Winged Hussar
47:50 Elite Obuch
49:11 Plate Mail Armor
48:56 Leather Archer Armor
48:37 Bodkin Arrow
49:17 Iron Casting
51:24 Lechitic Legacy
54:31 Elite Skirmisher
58:35 Leather Archer Armor
58:21 Bracer
58:56 Iron Casting
64:15 Cavalier
68:35 Thumb Ring
67:51 Crossbowman
67:53 Heavy Mounted Crossbowman
cbgb
8:02 Feudal Age
6:41 Loom
8:50 Double-Bit Axe
11:09 Wheelbarrow
11:43 Gold Mining
11:38 Horse Collar
15:49 Castle Age
15:03 Fletching
15:20 Scale Barding Armor
16:51 Bloodlines
17:23 Bow Saw
20:46 Gold Shaft Mining
20:02 Stone Mining
21:30 Husbandry
22:36 Bodkin Arrow
23:56 Hand Cart
24:20 Heavy Plow
25:19 Caravan
30:02 Imperial Age
28:18 Fortified Wall
28:27 Squires
28:52 Town Watch
29:54 Murder Holes
30:23 Chain Barding Armor
30:15 Forging
31:12 Town Patrol
35:42 Iron Casting
36:05 Cavalier
37:17 Bombard Tower
50:39 Elite Janissary
65:44 Artillery
80:19 Guilds
Wendy9235
1:41 Loom
7:34 Feudal Age
8:06 Horse Collar
8:17 Double-Bit Axe
10:33 Wheelbarrow
12:03 Town Watch
15:31 Stone Mining
15:32 Gold Mining
21:46 Castle Age
20:23 Bloodlines
20:11 Arson
20:49 Forging
20:41 Scale Mail Armor
20:47 Man-at-Arms
23:01 Padded Archer Armor
24:07 Heavy Plow
25:54 Gold Shaft Mining
26:05 Ballistics
25:38 Light Cavalry
27:55 Bow Saw
28:17 Caravan
29:16 Town Patrol
31:45 Hand Cart
33:01 Coinage
37:25 Imperial Age
35:41 Chain Mail Armor
35:16 Long Swordsman
35:58 Squires
38:23 Iron Casting
37:54 Scale Barding Armor
37:49 Guard Tower
37:41 Treadmill Crane
40:35 Two-Man Saw
40:12 Banking
40:57 Chemistry
41:26 Keep
41:41 Leather Archer Armor
41:18 Fletching
42:02 Yasama
42:19 Capped Ram
44:39 Blast Furnace
44:11 Plate Mail Armor
44:24 Arrowslits
44:51 Fortified Wall
45:20 Chain Barding Armor
45:59 Elite Samurai
47:02 Kataparuto
47:05 Conscription
48:33 Hoardings
48:38 Crossbowman
49:24 Thumb Ring
49:46 Parthian Tactics
49:39 Murder Holes
51:07 Arbalester
51:08 Elite Skirmisher
54:03 Masonry
54:07 Husbandry
53:28 Cavalier
56:27 Ring Archer Armor
55:53 Bodkin Arrow
56:42 Onager
62:15 Heavy Scorpion
68:42 Heavy Cavalry Archer
70:05 Redemption
70:13 Fervor
70:30 Illumination
El Fiel
8:37 Feudal Age
10:24 Horse Collar
10:33 Double-Bit Axe
16:43 Castle Age
17:41 Bow Saw
20:35 Heavy Plow
26:15 Imperial Age
29:58 Two-Man Saw
30:41 Wheelbarrow
31:26 Hand Cart
32:05 Light Cavalry
32:07 Pikeman
32:58 Halberdier
32:59 Elite Skirmisher
33:42 Husbandry
35:47 Elite Hussite Wagon
36:39 Squires
36:26 Arson
37:02 Forging
36:52 Scale Mail Armor
36:43 Fletching
36:53 Padded Archer Armor
39:49 Chain Mail Armor
39:39 Scale Barding Armor
39:30 Bodkin Arrow
39:50 Leather Archer Armor
39:36 Murder Holes
40:02 Ballistics
40:44 Chemistry
42:22 Conscription
42:16 Wagenburg Tactics
43:38 Coinage
43:19 Guilds
43:15 Caravan
44:09 Houfnice
45:23 Chain Barding Armor
45:04 Bracer
45:40 Iron Casting
48:45 Ring Archer Armor
48:45 Plate Mail Armor
49:16 Blast Furnace
Erekian0
1:36 Loom
9:50 Feudal Age
12:57 Horse Collar
13:06 Double-Bit Axe
13:20 Gold Mining
13:21 Stone Mining
14:07 Town Watch
14:58 Wheelbarrow
26:36 Castle Age
28:54 Hand Cart
28:40 Town Patrol
31:11 Imperial Age
29:00 Bow Saw
28:59 Heavy Plow
29:14 Circumnavigation
31:08 Caravan
33:58 Guard Tower
34:19 Masonry
35:07 Fortified Wall
34:59 Murder Holes
37:06 Architecture
38:37 Treadmill Crane
39:18 Ballistics
40:01 Chemistry
39:56 Crop Rotation
40:05 Crop Rotation
40:41 Two-Man Saw
41:07 Two-Man Saw
40:35 Light Cavalry
41:27 Bloodlines
42:50 Scale Barding Armor
42:47 Padded Archer Armor
43:00 Forging
42:41 Fletching
42:51 Scale Mail Armor
43:42 Pikeman
44:09 Gambesons
45:05 Crossbowman
65:03 Chain Barding Armor
64:58 Chain Mail Armor
65:19 Iron Casting
64:39 Bodkin Arrow
65:00 Leather Archer Armor
Connection lost

Rejoining the realm…

Still unreachable

The connection could not be restored.

Session expired

The server has moved on; the page needs a fresh start.